Description

Notes pending

VOD

https://youtu.be/CTgGP_sBSxg?t=71

Replay - INnoVation v Vanya: Game 1 - 나이트쉐이드 - 래더

Build Order

Get SALT Encoding   

  12  0:00  SCV  
  13  0:12  SCV  
  14  0:17  Supply Depot  
  14  0:24  SCV  
  15  0:38  SCV  
  15  0:41  Barracks  
  15  0:42  Refinery  
  16  0:50  SCV  
  17  1:03  SCV  
  18  1:15  SCV  
  19  1:28  Reaper, Orbital Command  
  20  1:38  Command Center  
  20  1:50  Supply Depot  
  20  1:53  SCV  
  21  1:59  Marine  
  22  2:07  SCV  
  23  2:14  Factory  
  23  2:19  SCV  
  23  2:21  Barracks Reactor  
  25  2:40  Command Center  
  26  2:51  Orbital Command  
  27  2:59  Starport  
  27  3:03  Refinery  
  27  3:08  Hellion  
  30  3:15  Hellion  
  32  3:23  Barracks Tech Lab  
  34  3:31  Hellion  
  36  3:37  Viking  
  36  3:40  Hellion  
  42  3:42  Marine  
  43  3:51  Stimpack  
  43  3:55  Orbital Command  
  47  4:10  Starport Reactor  
  47  4:12  Marine  
  50  4:17  Factory Tech Lab  
  50  4:18  Barracks  
  51  4:26  Barracks  
  51  4:29  Marine, Supply Depot  
  54  4:35  Siege Tank  
  60  4:45  Supply Depot  
  60  4:47  Engineering Bay x2  
  63  4:56  Refinery x2, Marine  
  63  4:57  Starport Reactor  
  66  5:07  Marine x2  
  68  5:15  Terran Infantry Armor Level 1, Terran Infantry Weapons Level 1  
  68  5:19  Supply Depot  
  70  5:25  Marine x3  
  71  5:31  Combat Shield  
  75  5:38  Barracks x2  
  78  5:46  Medivac x2  
  87  6:00  Siege Tank  
  93  6:11  Armory  
  102  6:27  Barracks Reactor x2  
  102  6:32  Siege Tank  
  111  6:45  Barracks x3  
  111  6:46  Medivac x2  
  113  6:49  Refinery  
  118  7:12  Terran Infantry Weapons Level 2  
  118  7:17  Terran Infantry Armor Level 2  
  122  7:25  Missile Turret  
  120  7:33  Medivac x2  
  126  7:38  Missile Turret  
  126  7:40  Barracks Reactor x3  
  132  7:52  Siege Tank  
  132  7:54  Missile Turret  
  144  8:07  Medivac x2  
  160  8:37  Medivac x2  
  160  8:47  Siege Tank  
Spawning Tool Build Advisor. Get it on Overwolf

Analysis

Notes pending

Go to:

Details

  • Created by: Zarmoxis
  • Published on: Apr 07, 2020
  • Modified on: Apr 07, 2020
  • Patch: 4.11.0
Show
View Real Time Build Order
Export as new Build Order

Comments (0)

There are no comments. Be the first!

Create an account to comment!